 Dungeon Crawl Stone Soup version 0.30-a0-459-g9104f0fc43 (webtiles) character file.

Game seed: 1734562855553302358

62136 ytrimaz the Spry (level 14, -7/68 HPs)
             Began as a Deep Elf Air Elementalist on Dec 14, 2022.
             Was a High Priest of Hepliaklqana.
             Mangled by an orc warrior
             ... wielding a +0 broad axe
             ... led by an orc warlord
              (23 damage)
             ... on level 1 of the Orcish Mines on Dec 15, 2022.
             The game lasted 00:56:07 (26394 turns).

ytrimaz the Spry (Deep Elf Air Elementalist)       Turns: 26394, Time: 00:56:07

Health: -7/68      AC: 15    Str:  5    XL:     14   Next: 63%
Magic:  32/47      EV: 15    Int: 32    God:    Hepliaklqana [*****.]
Gold:   2170       SH:  0    Dex: 15    Spells: 30/49 levels left

rFire   + + +      SeeInvis +    H - +8 whip "Snakebite" {venom, curare, rPois}
rCold   . . .      Faith    .    (no shield)
rNeg    + + +      Spirit   .    R - +2 ring mail of the Devil's Team {rCorr}
rPois   +          Reflect  .    F - +2 helmet
rElec   +          Harm     .    O - +1 cloak of Sif Muna's Delight {rF++ rN++ Regen+}
rCorr   +          Rampage  .    t - +0 pair of gloves
Will    +....                    L - +1 pair of boots {Stlth+}
Stlth   ++........               z - amulet of magic regeneration
HPRegen 1.11/turn                T - ring of magical power
MPRegen 0.70/turn                m - ring of Suicidal Tendencies {*Slow rElec rF+ rN+ Int+6}

@: studying Summonings
A: reduced essence, see invisible
a: Renounce Religion, Recall Ancestor, Ancestor Identity, Transference, Idealise


You were on level 1 of the Orcish Mines.
You worshipped Hepliaklqana.
Hepliaklqana was extremely pleased with you.
You visited 3 branches of the dungeon, and saw 19 of its levels.
You also visited: Trove and Gauntlet.

You collected 2874 gold pieces.
You spent 704 gold pieces at shops.


Innate Abilities, Weirdness & Mutations

Your life essence is reduced to manifest your ancestor. (-10% HP)
You have supernaturally acute eyesight. (SInv)


   Skills:
 - Level 4.6 Fighting
 - Level 18.0 Dodging
 - Level 2.4 Stealth
 - Level 18.0 Spellcasting
 + Level 11.4 Conjurations
 - Level 12.0 Air Magic


You had 30 spell levels left.
You knew the following spells:

 Your Spells              Type           Power      Damage    Failure   Level
a - Lightning Bolt        Conj/Air       40%        1d59      1%          5
b - Airstrike             Air            40%        2d(6-22)  1%          4
c - Arcjolt               Conj/Air       40%        1d50      1%          5
d - Freezing Cloud        Conj/Ice/Air   34%        6-21      8%          5

Your spell library contained the following spells:

 Spells                   Type           Power      Damage    Failure   Level
 Shock                    Conj/Air       100%       1d9       1%          1
 Cigotuvi's Dreadful Rot  Necr/Pois/Air  100%       N/A       1%          2
 Poisonous Vapours        Pois/Air       100%       N/A       1%          2
 Static Discharge         Conj/Air       100%       2-7/arc   1%          2
 Mephitic Cloud           Conj/Pois/Air  68%        N/A       1%          3
 Swiftness                Air            81%        N/A       1%          3
 Vhi's Electric Charge    Tloc/Air       100%       N/A       1%          3
 Kindle Blastsparks       Fire/Tloc/Air  100%       2d18      3%          3
 Beastly Appendage        Tmut           56%        N/A       6%          1
 Fulminant Prism          Conj/Hex       30%        3d15      6%          4
 Wereblood                Tmut           28%        N/A       10%         2
 Gell's Gravitas          Tloc           28%        N/A       19%         3
 Ignite Poison            Fire/Tmut/Pois 28%        N/A       19%         3
 Lesser Beckoning         Tloc           56%        N/A       19%         3
 Portal Projectile        Hex/Tloc       56%        N/A       19%         3
 Spider Form              Tmut/Pois      28%        N/A       19%         3
 Teleport Other           Tloc           28%        N/A       19%         3
 Anguish                  Hex/Necr       14%        N/A       54%         4
 Animate Armour           Summ/Erth      56%        N/A       54%         4
 Cause Fear               Hex            14%        N/A       54%         4
 Leda's Liquefaction      Hex/Erth       14%        N/A       54%         4
 Manifold Assault         Tloc           28%        N/A       54%         4
 Lee's Rapid Deconstruct  Erth           14%        3d9*      87%         5
 Summon Forest            Summ/Tloc      14%        N/A       87%         5
 Summon Mana Viper        Hex/Summ       28%        N/A       87%         5
 Storm Form               Tmut/Air       30%        N/A       99%         7
 Statue Form              Tmut/Erth      18%        N/A       100%        6
 Enfeeble                 Hex            14%        N/A       100%        7

Inventory:

Hand Weapons
 H - the +8 whip "Snakebite" (weapon) {venom, curare, rPois}
   (You took it off Amaemon on level 9 of the Dungeon)

   It poisons the flesh of those it strikes.
   It occasionally inflicts asphyxiating poison on those it strikes, dealing
   poison damage and causing slowness.
   rPois:     It protects you from poison.
Missiles
 v - 5 throwing nets
Armour
 f - the +0 leather armour "Boinku Japnu" {rC- Dex+7}
   (You found it on level 5 of the Lair of Beasts)

   Dex:       It affects your dexterity (+7).
   rC:        It makes you vulnerable to cold.
 t - a +0 pair of gloves (worn)
   (You found it on level 5 of the Dungeon)
 F - a +2 helmet (worn)
   (You found it on level 11 of the Dungeon)
 L - a +1 pair of boots of stealth (worn)
   (You found it on level 10 of the Dungeon)
 O - the +1 cloak of Sif Muna's Delight (worn) {rF++ rN++ Regen+}
   (You found it on level 10 of the Dungeon)

   rF:        It greatly protects you from fire.
   rN:        It greatly protects you from negative energy.
   Regen:     It increases your rate of health regeneration.
 Q - the +5 helmet of Davvulah {Str+3 Dex-5 Slay+2}
   (You found it in a treasure trove)

   Str:       It affects your strength (+3).
   Dex:       It affects your dexterity (-5).
   Slay:      It affects your accuracy & damage with ranged weapons and melee
   (+2).
 R - the +2 ring mail of the Devil's Team (worn) {rCorr}
   (You found it in a Gauntlet)

   rCorr:     It protects you from acid and corrosion.
Magical Staves
 U - a staff of death
   (You found it in a Gauntlet)
Jewellery
 b - a ring of protection from cold
   (You found it on level 5 of the Dungeon)
 m - the ring of Suicidal Tendencies (right hand) {*Slow rElec rF+ rN+ Int+6}
   (You found it in a treasure trove)

   [ring of intelligence]

   Int:       It affects your intelligence (+6).
   rF:        It protects you from fire.
   rElec:     It insulates you from electricity.
   rN:        It protects you from negative energy.
   *Slow:     It may slow you when you take damage.
 o - an amulet of the acrobat
   (You took it off a hobgoblin on level 3 of the Dungeon)
 z - an amulet of magic regeneration (around neck)
   (You found it on level 6 of the Dungeon)
 D - a ring of resist corrosion
   (You found it on level 5 of the Lair of Beasts)
 I - a +6 ring of strength
   (You found it on level 10 of the Dungeon)
 T - a ring of magical power (left hand)
   (You found it in a treasure trove)
 V - an amulet of regeneration
   (You found it in a treasure trove)
Wands
 e - a wand of polymorph (10)
   (You took it off Grum on level 5 of the Dungeon)
 j - a wand of acid (13)
   (You found it on level 4 of the Dungeon)
 w - a wand of flame (7)
   (You found it on level 4 of the Lair of Beasts)
 G - a wand of iceblast (16)
   (You took it off an orc warrior on level 8 of the Dungeon)
Scrolls
 c - a scroll of fog
 h - 3 scrolls of poison
 k - 3 scrolls of amnesia
 n - 2 scrolls of noise
 p - 3 scrolls of magic mapping
 q - 3 scrolls of enchant weapon
 y - 7 scrolls of identify
 B - 4 scrolls of torment
 C - a scroll of silence
 E - 2 scrolls of teleportation
 M - a scroll of blinking
 P - a scroll of fear
Potions
 a - a potion of brilliance
 d - 4 potions of mutation
 g - 2 potions of flight
 i - 2 potions of heal wounds
 l - a potion of ambrosia
 r - 6 potions of might
 s - 8 potions of curing
 u - 4 potions of berserk rage
 x - 3 potions of haste
 A - 2 potions of attraction
 J - 2 potions of lignification
 K - 2 potions of resistance

Dungeon Overview and Level Annotations

Branches:
Dungeon (13/15) Zot: 26093  Temple (0/1) D:7            Lair (5/5) D:9 Zot: 23390
  Swamp (0/4) Lair:2       Spider (0/4) Lair:2        Slime (0/5) Lair:4
    Orc (1/2) D:11 Zot: 5950 Gauntlet (visited)
 Vaults: D:13-14

Altars:
Ashenzari
Gozag
Hepliaklqana
Kikubaaqudgha
Makhleb
Nemelex Xobeh
Qazlal
Trog
Vehumet
Wu Jian
Yredelemnul
Zin

Shops:
D:2 ([*(   D:10 *   Orc:1 ?

Annotations:
D:3 2 transporters, NinjaNoafa's ghost, amateur TeCj
D:5 3 runed translucent doors, DrKenneth's ghost, novice MiFi

## ##### ##.##.#.####
...#..).O.R.#§# .
......)@oo).o♣.∩.♣
......[))[§§§.§♣..#
.....[([.[§§§.§....#
.......$[..§o$§....#
...........o..☼......
.......>.............
...............#....
.............$......
......#....o....


You could see the friendly Dormamu the knight, an orc warlord, 2 orc warriors,
an ogre (ally target) and 2 orcs.


Message History

Casting: Lightning Bolt (dangerous; 1% risk of failure)
Confirm with . or Enter, or press ? or * to list all spells.
Aiming: Freezing Cloud (dangerous; 8% risk of failure)
Press: ? - help, Dir - move target, f - orc
Aim: an orc, wielding a +0 hand axe You miscast Freezing Cloud.
You are very lightly contaminated with residual magic.
Nothing appears to happen.
The orc closely misses you.
The orc warlord roars a battlecry!
The orcs go into a battle-frenzy!
Dormamu hits the ogre with a +0 flail!
You hear a shout! 😮 HP[+1] MP[-4]
You lost 4 mp, and now have 43/47 mp.
Unknown command.
Casting: Freezing Cloud (dangerous; 8% risk of failure)
Confirm with . or Enter, or press ? or * to list all spells.
Aiming: Freezing Cloud (dangerous; 8% risk of failure)
Press: ? - help, Dir - move target, f/p - orc
Aim: an orc, wielding a +0 hand axe (strong)
The orc warrior is engulfed in freezing vapours.
The orc warrior closely misses you.
The orc warrior is engulfed in freezing vapours.
The orc barely misses you.
The orc warrior is engulfed in freezing vapours.
The orc is engulfed in freezing vapours.
You kill the orc!
The orc is engulfed in freezing vapours.
You kill the orc!
Dormamu hits the ogre with a +0 flail. 😮 HP[+1] MP[-4]
You lost 4 mp, and now have 39/47 mp.
Unknown command.
Casting: Freezing Cloud (dangerous; 8% risk of failure)
Confirm with . or Enter, or press ? or * to list all spells.
Aiming: Freezing Cloud (dangerous; 8% risk of failure)
Press: ? - help, Dir - move target The orc priest is engulfed in freezing vapours.
You kill the orc priest!
The orc warrior is engulfed in freezing vapours.
The orc warrior hits you from afar with a +0 halberd!
The orc barely misses you.
The orc warrior is engulfed in freezing vapours. x2
The orc warlord shoots a bolt.
The bolt hits you!!
* * * LOW HITPOINT WARNING * * *
Dormamu hits the ogre with a +0 flail!!
The ogre dies! 😱 HP[-36] MP[-5]
You take 36 damage, and now have 14/68 hp.
MASSIVE DAMAGE!! (PAUSE)
You lost 5 mp, and now have 34/47 mp.
Unknown command.
You feel much better.
The orc warrior is engulfed in freezing vapours.
You kill the orc warrior!
The orc hits you with a +0 club.
The orc warrior is engulfed in freezing vapours.
You kill the orc warrior!
The orc warlord roars a battlecry!
Dormamu hits the orc with a +0 flail!
The orc dies! 😮 HP[+24] MP[+1]
You regained 24 hp, and now have 38/68 hp.
Casting: Freezing Cloud (dangerous; 8% risk of failure)
Confirm with . or Enter, or press ? or * to list all spells.
Aiming: Airstrike (dangerous; 1% risk of failure)
Press: ? - help, Dir - move target, f - ogre
Aim: an ogre, wielding a +0 giant club (empty space bonus: 6/8)
The air twists around and strikes the ogre!
The orc barely misses you.
The orc warrior hits you with a +0 flail!
* * * LOW HITPOINT WARNING * * *
Dormamu hits the orc warrior with a +0 flail! 😨 HP[-14] MP[-3]
You take 14 damage, and now have 24/68 hp.
MASSIVE DAMAGE!! (PAUSE)
You lost 3 mp, and now have 32/47 mp.
Select a target.
Press: ? - help, Dir - move target, f - you The floor, spattered with blood.
You swap with Dormamu!
The orc is drained by nostalgia.
The orc warrior barely misses you.
The orc throws a boomerang.
The boomerang barely misses you.
Something hits Dormamu.
The orc warlord is engulfed in freezing vapours. 😨 HP[+1] MP[-2]
You lost 2 mp, and now have 30/47 mp.
Unknown command.
The orc warrior attacks as you move away!
The orc warrior hits you with a +0 broad axe.
* * * LOW HITPOINT WARNING * * *
The orc warlord shoots a bolt.
The bolt hits you!
* * * LOW HITPOINT WARNING * * *
😱 HP[-12] MP[+1]
You take 12 damage, and now have 13/68 hp.
Your magical contamination has completely faded away.
There is a staircase back to the Dungeon, spattered with blood here. 😱 HP[+2] MP[+1]
You regained 2 hp, and now have 15/68 hp.
The orc warrior hits you with a +0 broad axe!!
You die...

Skill      XL: |  1  2  3  4  5  6  7  8  9 10 11 12 13 14 |
---------------+-------------------------------------------+-----
Conjurations   | 2 3 4 11 | 11.4
Air Magic      | 4 5 6 7 9 11 12 | 12.0
Spellcasting   | 4 5 7 10 12 13 18 | 18.0
Dodging        | 9 15 18 | 18.0
Fighting       | 3 4 |  4.6
Stealth        | |  2.4

Action                   |  1- 3 |  4- 6 |  7- 9 | 10-12 | 13-15 || total
-------------------------+-------+-------+-------+-------+-------++-------
Melee: Unarmed           |     2 |       |       |       |       ||     2
       Dagger            |       |     4 |    37 |     8 |       ||    49
       Whip              |       |       |       |    61 |    40 ||   101
       Punch             |       |       |       |     2 |       ||     2
 Cast: Shock             |    62 |   129 |    39 |    31 |       ||   261
       Airstrike         |       |     9 |   131 |   286 |   356 ||   782
       Lightning Bolt    |       |       |       |    17 |    34 ||    51
       Arcjolt           |       |       |       |     1 |       ||     1
       Freezing Cloud    |       |       |       |       |     6 ||     6
Invok: Ancestor Identity |       |       |     1 |       |       ||     1
       Recall Ancestor   |       |       |     2 |     7 |     8 ||    17
       Ancestor Life: Kn |       |       |       |     1 |       ||     1
       Transference      |       |       |       |       |     2 ||     2
  Use: Scroll            |     3 |     5 |     2 |    15 |     6 ||    31
       Potion            |       |       |    11 |     5 |     1 ||    17
 Stab: Distracted        |       |       |       |     1 |     1 ||     2
Armor: Robe              |     5 |    18 |    10 |       |       ||    33
       Skin              |       |       |     9 |       |       ||     9
       Leather armour    |       |       |     4 |    22 |       ||    26
       Ring mail         |       |       |       |    28 |    78 ||   106
Dodge: Dodged            |    14 |    29 |    82 |   156 |   130 ||   411

Levels and vault maps discovered:
D:1:      dpeg_arrival_stone_temple_mockup, layout_basic, st_stairs_8
D:2:      layout_basic, basic_altar, serial_shops, shop, shop, shop_statue,
          nicolae_diamond_shop, shapermc_ecumenical_altar_pompeii,
          minmay_heptomino_l4
D:3:      layout_loops_ring, gammafunk_ghost_mausoleum, gup_sewer_entry_bubbles,
          minmay_randomly_rotated_circles
D:4:      layout_rooms, jmf_multi_god_temple2
D:5:      layout_cave_pools, pdpol_wu_jian_five_deadly_venoms,
          ebering_ghost_rock_garden, serial_gnoll_camp, gnoll_camp_mini_basic,
          grums_kennel, gnoll_camp_medium_01, gnoll_camp_mini_hut,
          minmay_checkerbox, uniq_eustachio, uniq_crazy_yiuf_cottage,
          uniq_prince_ribbit1
D:6:      layout_rooms, kennysheep_generic_room_12, uniq_menkaure
D:7:      layout_rooms, fiery_altar_vehumet, mainiacjoe_overflow_brackets,
          minitemple, trog_hazing_becter, minmay_temple_entry_mini_moons,
          serial_undead, serial_undead_a, serial_undead_f, serial_undead_f,
          serial_undead_f
D:8:      layout_rooms
D:9:      layout_big_octagon, grunt_lair_entry_orc_guard_hut, uniq_pikel,
          uniq_joseph, uniq_amaemon
D:10:     layout_roguey, lemuel_coloured_pillars_altar,
          mainiacjoe_overflow_tiny_flanked, biasface_ghost_orc_armoury,
          minmay_misc_feat_four_crosses, nicolae_blasting_shop
D:11:     layout_roguey [special_room_orc], david_orc_4,
          nicolae_gozag_cash_rules_everything_around_me
D:12:     layout_stronghold, enter_trove_0, gauntlet_entry_generic,
          hangedman_weighted_door, bloody_makhleb
D:13:     layout_long_grid, erik_vaults_2,
          ploomutoo_gammafunk_ghost_potion_laboratory
Lair:1:   layout_chaotic_city, disabler_island
Lair:2:   layout_gridlike, minmay_swamp_entry_reptiles, dummy_spider_entry
Lair:3:   layout_misc_corridors
Lair:4:   layout_loops_ring, minmay_slime_entry_oklob_enclosed,
          maelrawn_ghost_gauntlet_escape, dreamdust_gnoll_shepherd
Lair:5:   evilmike_catoblepas_cave, layout_misc_corridors, uniq_kirke,
          uniq_snorg
Orc:1:    layout_caves, serial_shops, nicolae_shop_trees, uniq_gastronok

Notes
Turn   | Place    | Note
-------+----------+-------------------------------------------
     0 | D:1      | ytrimaz the Deep Elf Air Elementalist began the quest for
                  | the Orb.
     0 | D:1      | Reached XP level 1. HP: 10/10 MP: 6/6
     0 | D:1      | magus.rc [v1.9.6]
   351 | D:1      | Reached XP level 2. HP: 11/15 MP: 2/8
   375 | D:1      | Reached skill level 2 in Conjurations
  1059 | D:2      | Reached XP level 3. HP: 19/19 MP: 5/9
  1199 | D:2      | Found Laraunleoka's Weapon Shop.
  1260 | D:2      | Found an ancient bone altar of Kikubaaqudgha.
  1264 | D:2      | Found a faded altar of an unknown god.
  1306 | D:2      | Found Seezeuj's Armour Emporium.
  1495 | D:2      | Reached skill level 3 in Conjurations
  1495 | D:2      | Reached skill level 4 in Air Magic
  1530 | D:2      | Reached XP level 4. HP: 19/24 MP: 5/10
  1607 | D:2      | Found Amihe's Assorted Antiques.
  1639 | D:2      | You fall into a shaft and drop 1 floor!
  1659 | D:3      | Learned a level 4 spell: Airstrike
  1700 | D:3      | Noticed NinjaNoafa's ghost (amateur TeCj)
  1702 | D:3      | Found a transporter.
  1789 | D:3      | Found a transporter.
  2391 | D:3      | Found a glowing drain.
  2396 | D:3      | Reached XP level 5. HP: 26/28 MP: 1/11
  2925 | D:2      | Found Higin's Weapon Shop.
  2945 | D:2      | Reached skill level 4 in Conjurations
  3349 | D:2      | Reached skill level 5 in Air Magic
  3719 | D:4      | Found a large runed translucent door.
  3719 | D:4      | Found a large runed translucent door.
  4180 | D:4      | Noticed a black bear
  4186 | D:4      | Killed a black bear
  4187 | D:4      | Reached skill level 4 in Spellcasting
  4187 | D:4      | Reached XP level 6. HP: 32/32 MP: 6/14
  4341 | D:4      | Found a hazy altar of Hepliaklqana.
  4346 | D:4      | Found a sparkling altar of Nemelex Xobeh.
  4354 | D:4      | Became a worshipper of Hepliaklqana the Forgotten
  4375 | D:5      | Entered Level 5 of the Dungeon
  4699 | D:5      | Found a runed translucent gate.
  4699 | D:5      | Found a runed translucent gate.
  4759 | D:4      | Reached skill level 5 in Spellcasting
  4874 | D:5      | Reached skill level 6 in Air Magic
  4874 | D:5      | Reached XP level 7. HP: 36/36 MP: 5/17
  4977 | D:5      | Noticed Prince Ribbit
  4982 | D:5      | Killed Prince Ribbit
  4983 | D:5      | Reached skill level 6 in Spellcasting
  5140 | D:5      | Reached skill level 7 in Spellcasting
  5140 | D:5      | Reached skill level 7 in Air Magic
  5247 | D:5      | You pick up a book of Vapours and begin reading...
  5247 | D:5      | You add the spells Poisonous Vapours, Cigotuvi's Dreadful
                  | Rot and Mephitic Cloud to your library.
  5389 | D:5      | Reached XP level 8. HP: 41/41 MP: 11/21
  5497 | D:5      | Found a runed translucent gate.
  5499 | D:5      | Noticed DrKenneth's ghost (novice MiFi)
  5548 | D:5      | Reached * piety under Hepliaklqana
  5552 | D:5      | Noticed Grum
  5581 | D:5      | Gained mutation: You have supernaturally acute eyesight.
                  | (SInv) [potion of mutation]
  5598 | D:5      | Killed Grum
  5599 | D:5      | Reached skill level 8 in Spellcasting
  5705 | D:5      | Noticed Eustachio
  5707 | D:5      | Killed Eustachio
  5708 | D:5      | Reached skill level 8 in Air Magic
  5910 | D:5      | Found an ornate altar of the Wu Jian Council.
  6125 | D:5      | Found a runed translucent door.
  6126 | D:5      | Noticed Crazy Yiuf
  6161 | D:5      | Reached skill level 9 in Spellcasting
  6244 | D:5      | HP: 9/36 [gnoll/+0 club[a gnoll bouda] (4)]
  6674 | D:5      | Killed Crazy Yiuf
  6750 | D:6      | Reached skill level 10 in Spellcasting
  6750 | D:6      | Reached skill level 9 in Air Magic
  6750 | D:6      | Reached XP level 9. HP: 40/40 MP: 3/25
  7039 | D:6      | Noticed Menkaure
  7140 | D:6      | Killed Menkaure
  7612 | D:2      | Bought a +3 leather armour of poison resistance for 210
                  | gold pieces
  7858 | D:6      | You pick up a book of Displacement and begin reading...
  7858 | D:6      | You add the spells Lesser Beckoning, Gell's Gravitas and
                  | Teleport Other to your library.
  8069 | D:7      | Reached skill level 11 in Spellcasting
  8388 | D:7      | Found a radiant altar of Vehumet.
  8507 | D:7      | Reached skill level 10 in Air Magic
  8545 | D:7      | Found a bloodstained altar of Trog.
  8661 | D:7      | Found a staircase to the Ecumenical Temple.
  8666 | D:7      | Noticed a kobold demonologist
  8705 | D:7      | Killed a kobold demonologist
  8706 | D:7      | Reached skill level 12 in Spellcasting
  9032 | D:7      | Reached skill level 11 in Air Magic
  9282 | D:7      | Reached XP level 10. HP: 45/45 MP: 15/28
  9428 | D:7      | Found an opulent altar of Gozag.
 10024 | D:7      | Found a stormy altar of Qazlal.
 10028 | D:7      | Found a glowing silver altar of Zin.
 10245 | D:8      | HP: 11/45 [orc priest/divine providence (14)]
 10531 | D:8      | Reached skill level 12 in Air Magic
 10683 | D:8      | You add the spells Animate Armour and Statue Form to your
                  | library.
 10683 | D:8      | Got the Octavo of Spelunking and the Gift
 10688 | D:8      | Reached ** piety under Hepliaklqana
 10731 | D:8      | Reached skill level 3 in Dodging
 10737 | D:8      | Reached skill level 4 in Dodging
 10740 | D:8      | Remembered your ancestor Dormamu as a knight
 10879 | D:8      | Reached skill level 5 in Dodging
 11164 | D:8      | Reached skill level 6 in Dodging
 11364 | D:9      | Noticed Amaemon
 11364 | D:9      | Noticed an orange demon
 11365 | D:9      | Aim: Amaemon, wielding the +8 whip "Snakebite" {venom,
                  | curare, rPois} (asleep, empty space bonus: 8/8)
 11365 | D:9      | Aim: Amaemon, wielding the +8 whip "Snakebite" {venom,
                  | curare, rPois} (asleep, empty space bonus: 8/8)
 11366 | D:9      | Killed an orange demon
 11367 | D:9      | Aim: Amaemon, wielding the +8 whip "Snakebite" {venom,
                  | curare, rPois} (empty space bonus: 7/8)
 11368 | D:9      | Aim: Amaemon, wielding the +8 whip "Snakebite" {venom,
                  | curare, rPois} (lightly wounded, ally target, empty space
                  | bonus: 7/8)
 11368 | D:9      | Aim: Amaemon, wielding the +8 whip "Snakebite" {venom,
                  | curare, rPois} (lightly wounded, ally target, empty space
                  | bonus: 7/8)
 11369 | D:9      | Aim: Amaemon, wielding the +8 whip "Snakebite" {venom,
                  | curare, rPois} (heavily wounded, ally target, empty space
                  | bonus: 6/8)
 11369 | D:9      | Aim: Amaemon, wielding the +8 whip "Snakebite" {venom,
                  | curare, rPois} (heavily wounded, ally target, empty space
                  | bonus: 6/8)
 11370 | D:9      | Aim: Amaemon, wielding the +8 whip "Snakebite" {venom,
                  | curare, rPois} (almost dead, ally target, empty space
                  | bonus: 6/8)
 11370 | D:9      | Aim: Amaemon, wielding the +8 whip "Snakebite" {venom,
                  | curare, rPois} (almost dead, ally target, empty space
                  | bonus: 6/8)
 11370 | D:9      | Killed Amaemon
 11371 | D:9      | Reached skill level 8 in Dodging
 11780 | D:9      | Noticed Joseph
 11784 | D:9      | Reached skill level 9 in Dodging
 11789 | D:9      | Killed Joseph
 12023 | D:9      | Found a staircase to the Lair.
 12104 | D:9      | Reached XP level 11. HP: 48/48 MP: 20/29
 12215 | D:9      | Reached skill level 10 in Dodging
 12260 | D:9      | Reached *** piety under Hepliaklqana
 12262 | D:9      | Noticed Pikel
 12265 | D:9      | Killed Pikel
 12403 | D:10     | Entered Level 10 of the Dungeon
 12483 | D:10     | Identified the +1 cloak of Sif Muna's Delight {rF++ rN++
                  | Regen+}
 12520 | D:10     | Found a basalt altar of Yredelemnul.
 12573 | D:10     | Found Cece's Demolitions Depot.
 12609 | D:10     | Reached skill level 11 in Dodging
 12870 | D:10     | Found a broken altar of Ashenzari.
 12913 | D:10     | Noticed a two-headed ogre
 12919 | D:10     | Killed a two-headed ogre
 12920 | D:10     | Reached skill level 12 in Dodging
 13564 | D:10     | Found a runed translucent gate.
 13564 | D:10     | Noticed 0gre's ghost (journeyman GnFi)
 13566 | D:10     | Found a runed translucent gate.
 13567 | D:10     | Found a runed translucent gate.
 13964 | D:11     | magus.rc [v1.9.6]
 14179 | D:11     | Found a staircase to the Orcish Mines.
 14223 | D:11     | Reached skill level 13 in Dodging
 14779 | D:11     | Reached skill level 14 in Dodging
 15078 | D:11     | Identified the +3 whip "Puovec" {holy, Will+ Dex+5}
 15084 | D:11     | Found an opulent altar of Gozag.
 15368 | D:11     | Noticed a two-headed ogre
 15375 | D:11     | Killed a two-headed ogre
 15478 | D:11     | Noticed a cyan ugly thing
 15494 | D:11     | Killed a cyan ugly thing
 15824 | D:10     | Bought a book of Lightning for 494 gold pieces
 15824 | D:10     | You pick up a book of Lightning and begin reading...
 15824 | D:10     | You add the spells Vhi's Electric Charge, Lightning Bolt
                  | and Arcjolt to your library.
 15833 | D:10     | Learned a level 5 spell: Lightning Bolt
 15918 | D:10     | Reached skill level 15 in Dodging
 16189 | D:10     | Killed 0gre's ghost
 16190 | D:10     | Reached XP level 12. HP: 34/53 MP: 4/30
 16378 | D:10     | Identified the +0 scale mail of Oschul Laon {rF- Will+
                  | SInv}
 16561 | D:12     | Found a gate leading to a gauntlet.
 16571 | Gauntlet | Entered a Gauntlet
 16571 | Gauntlet | Noticed a death scarab
 16571 | Gauntlet | Found a transporter.
 16571 | Gauntlet | Found a transporter.
 16578 | Gauntlet | Found a transporter.
 16579 | Gauntlet | Found a transporter.
 16579 | Gauntlet | Found a transporter.
 16582 | Gauntlet | Found a transporter.
 16619 | Gauntlet | Found a transporter.
 16621 | Gauntlet | Found a transporter.
 16621 | Gauntlet | Found a transporter.
 16625 | Gauntlet | Noticed a death yak
 16626 | Gauntlet | Noticed a death yak
 16628 | Gauntlet | Noticed a death yak
 16630 | Gauntlet | Noticed a death yak
 16633 | Gauntlet | Found a transporter.
 16651 | Gauntlet | Found a transporter.
 16659 | Gauntlet | Noticed a death yak
 16659 | Gauntlet | Noticed a death yak
 16661 | Gauntlet | Noticed a death yak
 16661 | Gauntlet | Found a transporter.
 16663 | Gauntlet | Noticed a death yak
 16665 | Gauntlet | Found a transporter.
 16705 | Gauntlet | Reached **** piety under Hepliaklqana
 16706 | Gauntlet | Found a transporter.
 16946 | Gauntlet | Reached skill level 16 in Dodging
 16961 | Gauntlet | Identified the +0 helmet of Depression {Int+3}
 16964 | Gauntlet | Killed a death yak
 17073 | Gauntlet | Noticed a minotaur
 17089 | Gauntlet | Identified the +0 cloak of Generosity {rF+}
 17089 | Gauntlet | Identified the +1 robe "Colorur" {rPois rF- Str+4}
 17090 | Gauntlet | HP: 13/53 [minotaur/silver javelin (4)]
 17093 | Gauntlet | You add the spells Fulminant Prism, Cause Fear, Manifold
                  | Assault and Summon Mana Viper to your library.
 17093 | Gauntlet | Got the Monograph on Distorted Bewitchment
 17095 | Gauntlet | Identified the +2 ring mail of the Devil's Team {rCorr}
 17101 | Gauntlet | Identified the +1 cloak "Ruiwyoce" {rF+ Regen+ Str-4}
 17102 | Gauntlet | You add the spells Portal Projectile, Summon Forest and
                  | Storm Form to your library.
 17102 | Gauntlet | Got the Secrets of Forms and the Jaunt
 17308 | D:12     | Reached skill level 17 in Dodging
 17317 | D:12     | Identified the +3 long sword of the Sharing King {vorpal,
                  | Contam rF- Will+++}
 17681 | D:12     | Found a portal to a secret trove of treasure.
 17691 | D:12     | This trove needs +3 fire dragon scales to function. Give it
                  | the item?
 17808 | D:12     | You pick up a book of Maledictions and begin reading...
 17808 | D:12     | You add the spells Anguish and Enfeeble to your library.
 18089 | D:12     | Found a burning altar of Makhleb.
 18543 | D:12     | Reached skill level 18 in Dodging
 18806 | D:13     | Reached skill level 1 in Fighting
 19151 | Lair:1   | Entered Level 1 of the Lair of Beasts
 19154 | Lair:1   | Reached skill level 2 in Fighting
 19158 | Lair:1   | Identified the +1 falchion "Noupn" {drain, rElec Dex+3
                  | Stlth+}
 19264 | Lair:1   | Learned a level 5 spell: Arcjolt
 19311 | Lair:1   | HP: 14/57 [cane toad (11)]
 19354 | Lair:1   | Reached skill level 3 in Fighting
 19518 | Lair:1   | Upgraded the game from 0.30-a0-458-g86641cc369 to
                  | 0.30-a0-459-g9104f0fc43
 19518 | Lair:1   | magus.rc [v1.9.6]
 19521 | Lair:1   | Reached skill level 13 in Spellcasting
 19837 | Lair:1   | Reached XP level 13. HP: 61/61 MP: 24/32
 20058 | Lair:1   | You add the spells Kindle Blastsparks, Leda's Liquefaction
                  | and Lee's Rapid Deconstruction to your library.
 20058 | Lair:1   | Got the Tractate on the Flinty Wind
 20061 | Lair:1   | Reached ***** piety under Hepliaklqana
 20424 | Lair:2   | Reached skill level 4 in Fighting
 20888 | Lair:2   | Found a hole to the Spider Nest.
 20896 | Lair:2   | Identified the +0 robe of the Hippo {Fly}
 20925 | Lair:2   | You pick up a book of Changes and begin reading...
 20925 | Lair:2   | You add the spells Beastly Appendage, Wereblood and Spider
                  | Form to your library.
 20973 | Lair:2   | Reached skill level 14 in Spellcasting
 21008 | Lair:2   | Found a staircase to the Swamp.
 21451 | Lair:3   | Reached skill level 15 in Spellcasting
 22289 | Lair:4   | Reached skill level 16 in Spellcasting
 22437 | D:12     | This trove needs +3 fire dragon scales to function. Give it
                  | the item?
 22437 | D:12     | You paid a toll of +3 fire dragon scales to enter a
                  | treasure trove
 22438 | Trove    | Entered a treasure trove
 22446 | Trove    | Identified the +0 leather armour "Cerusun" {Will+}
 22452 | Trove    | Identified the ring of Suicidal Tendencies {*Slow rElec rF+
                  | rN+ Int+6}
 22458 | Trove    | Identified the +5 helmet of Davvulah {Str+3 Dex-5 Slay+2}
 22468 | Trove    | Identified the ring of Arrival {Ice rPois rN+ Str+5}
 22678 | Lair:4   | Found a runed translucent gate.
 22678 | Lair:4   | Found a runed translucent gate.
 22678 | Lair:4   | Found a runed translucent gate.
 22682 | Lair:4   | Noticed a minotaur
 23030 | Lair:4   | Reached skill level 17 in Spellcasting
 23575 | Lair:4   | Found a staircase to the Slime Pits.
 23618 | Lair:4   | Noticed Kilil's ghost (journeyman DrNe)
 23969 | Lair:4   | Killed a minotaur
 23970 | Lair:4   | Reached skill level 18 in Spellcasting
 24105 | Lair:4   | Killed Kilil's ghost
 24186 | Lair:5   | Entered Level 5 of the Lair of Beasts
 24186 | Lair:5   | Noticed Snorg
 24250 | Lair:5   | Reached XP level 14. HP: 66/68 MP: 20/38
 24251 | Lair:5   | Reached skill level 5 in Conjurations
 24371 | Lair:5   | Reached skill level 6 in Conjurations
 24440 | Lair:5   | Noticed Kirke
 24449 | Lair:5   | Killed Kirke
 24521 | Lair:5   | Killed Snorg
 24522 | Lair:5   | Reached skill level 7 in Conjurations
 24976 | Lair:5   | Identified the +0 leather armour "Boinku Japnu" {rC- Dex+7}
 25114 | Lair:5   | Reached skill level 8 in Conjurations
 25140 | Lair:5   | Reached skill level 9 in Conjurations
 25238 | Lair:5   | You add the spells Ignite Poison and Freezing Cloud to your
                  | library.
 25413 | Lair:5   | Reached skill level 10 in Conjurations
 25799 | Lair:1   | Learned a level 5 spell: Freezing Cloud
 26061 | Orc:1    | Entered Level 1 of the Orcish Mines
 26061 | Orc:1    | Noticed Gastronok
 26063 | Orc:1    | Aim: Gastronok, wearing the +3 hat of Pondering {ponderous,
                  | Will+ MP+10 Int+5} (ally target)
 26063 | Orc:1    | Aim: Gastronok, wearing the +3 hat of Pondering {ponderous,
                  | Will+ MP+10 Int+5} (ally target)
 26064 | Orc:1    | Aim: Gastronok, wearing the +3 hat of Pondering {ponderous,
                  | Will+ MP+10 Int+5} (freezing vapour, moderately wounded,
                  | ally target, empty space bonus: 8/8)
 26064 | Orc:1    | Aim: Gastronok, wearing the +3 hat of Pondering {ponderous,
                  | Will+ MP+10 Int+5} (freezing vapour, moderately wounded,
                  | ally target, empty space bonus: 8/8)
 26065 | Orc:1    | Aim: Gastronok, wearing the +3 hat of Pondering {ponderous,
                  | Will+ MP+10 Int+5} (freezing vapour, heavily wounded, ally
                  | target, empty space bonus: 6/8)
 26065 | Orc:1    | Aim: Gastronok, wearing the +3 hat of Pondering {ponderous,
                  | Will+ MP+10 Int+5} (freezing vapour, heavily wounded, ally
                  | target, empty space bonus: 6/8)
 26066 | Orc:1    | Aim: Gastronok, wearing the +3 hat of Pondering {ponderous,
                  | Will+ MP+10 Int+5} (freezing vapour, severely wounded, ally
                  | target, empty space bonus: 7/8)
 26066 | Orc:1    | Aim: Gastronok, wearing the +3 hat of Pondering {ponderous,
                  | Will+ MP+10 Int+5} (freezing vapour, severely wounded, ally
                  | target, empty space bonus: 7/8)
 26066 | Orc:1    | Killed Gastronok
 26069 | Orc:1    | Reached skill level 11 in Conjurations
 26251 | Orc:1    | Noticed an orc warlord
 26380 | Orc:1    | Found Totrooh's Magic Scroll Boutique.
 26388 | Orc:1    | HP: 14/68 [orc warlord/bolt (26)]
 26394 | Orc:1    | Mangled by an orc warrior

Vanquished Creatures
  Kirke (Lair:5)
  The ghost of Kilil the Black Sun, a journeyman DrNe of Kikubaaqudgha (Lair:4)
  Snorg (Lair:5)
  2 hydras
  3 catoblepae (Lair:5)
  A two-headed ogre (D:10)
  6 death yaks
  Amaemon (D:9)
  A wizard (Gauntlet)
  Pikel (D:9)
  A necromancer (Gauntlet)
  An orc knight (D:11)
  An oklob plant (Lair:4)
  A deep elf pyromancer (D:12)
  3 cyclopes
  An ugly thing (D:11)
  5 elephants
  3 manticores
  A black mamba (Lair:4)
  A gargoyle (D:12)
  3 unseen horrors
  3 rime drakes
  9 cane toads
  3 centaur skeletons (D:12)
  A kobold demonologist (D:7)
  3 dream sheep (Lair:5)
  A troll (D:8)
  Prince Ribbit (D:5)
  11 blink frogs
  7 slime creatures
  A wraith (D:9)
  4 basilisks
  Eustachio (D:5)
  2 steam dragons
  3 wyverns
  32 yaks
  Grum (D:5)
  A vampire mosquito (D:12)
  Menkaure (D:6)
  2 acid dragons
  2 wargs (Orc:1)
  12 water moccasins
  15 orc warriors
  A swamp drake (Lair:2)
  3 ice beasts
  2 ogres
  2 black bears
  11 wolves
  3 phantoms (D:5)
  2 centaurs
  4 kobold brigands
  3 gnoll sergeants
  13 bullfrogs
  A scorpion (D:6)
  A necrophage (D:6)
  6 wights (D:7)
  2 wyvern zombies (D:7)
  2 killer bees (D:8)
  3 electric eels
  3 howler monkeys
  A centaur zombie (D:7)
  5 jellies
  8 hounds
  Crazy Yiuf (D:5)
  4 iguanas
  5 gnoll boudas
  5 orc priests
  10 orc wizards
  9 hell rats
  A killer bee zombie (D:7)
  25 gnolls
  14 adders
  A river rat (D:3)
  A shadow imp (D:5)
  4 white imps
  An ufetubus (D:7)
  2 worms
  2 dart slugs
  55 orcs
  5 ball pythons
  4 endoplasms
  4 giant cockroaches
  12 goblins
  12 hobgoblins
  8 jackals
  5 quokkas
  4 bats
  6 frilled lizards
  9 kobolds
  6 rats
446 creatures vanquished.

Vanquished Creatures (collateral kills)
  Gastronok (Orc:1)
  A minotaur (Lair:4)
  The ghost of 0gre the Blocker, a journeyman GnFi of Makhleb (D:10)
  A hydra (Lair:4)
  A two-headed ogre (D:11)
  A catoblepas (Lair:5)
  3 death yaks (Lair:5)
  2 manticores
  A spectral centaur (D:12)
  6 elephants (Lair:4)
  Joseph (D:9)
  An orange demon (D:9)
  A centaur zombie (D:12)
  A gargoyle (D:11)
  3 cane toads
  A komodo dragon (Lair:3)
  2 rime drakes (Lair:5)
  2 dream sheep (Lair:4)
  2 blink frogs (Lair:2)
  4 slime creatures
  18 yaks
  A wyvern (D:11)
  A basilisk (Lair:5)
  A vampire mosquito (D:12)
  A warg (D:11)
  4 water moccasins
  14 orc warriors
  2 ice beasts
  An ogre (Orc:1)
  2 wolves (Lair:3)
  2 kobold brigands (D:7)
  2 bullfrogs
  A scorpion (D:5)
  A killer bee (D:7)
  An electric eel (Lair:1)
  A howler monkey (D:10)
  A gnoll bouda (D:5)
  6 orc priests
  2 jellies (Gauntlet)
  4 orc wizards
  3 hell rats
  6 gnolls
  A shadow imp (Gauntlet)
  2 white imps
  24 orcs
  A jackal (D:5)
  3 kobolds (D:11)
142 creatures vanquished.

Vanquished Creatures (others)
  2 humans (Lair:5)
  A water moccasin (Lair:5)
  7 knights
  3 ancestors
  44 fungi
  60 plants
  9 withered plants
126 creatures vanquished.

Grand Total: 714 creatures vanquished

Table legend:
 A = Non-vault XP
 B = Vault XP
 C = Vault XP percentage of total XP
 D = Non-vault monster count
 E = Vault monster count
 F = Vault count percentage of total count
                 A         B        C        D         E       F
            +---------+---------+-------+---------+---------+-------
      Total |   54307 |   34459 |  38.8 |     404 |     184 |  31.3
            +---------+---------+-------+---------+---------+-------
        D:1 |      34 |       3 |   8.1 |      21 |       2 |   8.7
        D:2 |     104 |      20 |  16.1 |      18 |       4 |  18.2
        D:3 |      62 |      45 |  42.1 |      15 |      13 |  46.4
        D:4 |     235 |      48 |  17.0 |      11 |       3 |  21.4
        D:5 |     670 |    1456 |  68.5 |      20 |      28 |  58.3
        D:6 |     539 |     272 |  33.5 |      15 |       2 |  11.8
        D:7 |    2119 |     417 |  16.4 |      37 |      13 |  26.0
        D:8 |    2143 |       0 |   0.0 |      31 |       0 |   0.0
        D:9 |     882 |    2867 |  76.5 |       5 |       9 |  64.3
       D:10 |    3712 |    1457 |  28.2 |      15 |      12 |  44.4
       D:11 |    4688 |    1993 |  29.8 |      32 |      40 |  55.6
       D:12 |    4267 |    2089 |  32.9 |      22 |       5 |  18.5
       D:13 |    1585 |       0 |   0.0 |       3 |       0 |   0.0
     Lair:1 |    6238 |     361 |   5.5 |      33 |       4 |  10.8
     Lair:2 |    4097 |     354 |   8.0 |      14 |       4 |  22.2
     Lair:3 |    6008 |       0 |   0.0 |      27 |       0 |   0.0
     Lair:4 |    9864 |    5645 |  36.4 |      39 |      12 |  23.5
     Lair:5 |    4834 |   13709 |  73.9 |      16 |      24 |  60.0
      Orc:1 |    1458 |    1429 |  49.5 |      27 |       1 |   3.6
   Gauntlet |     768 |    2294 |  74.9 |       3 |       8 |  72.7
            +---------+---------+-------+---------+---------+-------

Illustrated notes

Table legend:
 A = Kills in this place as a percentage of kills in entire the game.
 B = Kills by you in this place as a percentage of kills by you in the entire game.
 C = Kills by friends in this place as a percentage of kills by friends in the entire game.
 D = Other kills in this place as a percentage of other kills in the entire game.
 E = Experience gained in this place as a percentage of experience gained in the entire game.
 F = Experience gained in this place divided by the number of levels of this place that you have seen.
                   A       B       C       D       E      F
               +-------+-------+-------+-------+-------+----------------------
         Total | 100.0 | 100.0 | 100.0 |   N/A | 100.0 | 4227.0
       Dungeon |  63.9 |  66.6 |  55.6 |   N/A |  35.7 | 2439.0
          Lair |  29.4 |  28.0 |  33.8 |   N/A |  57.6 | 10222.0
  Orcish Mines |   4.8 |   4.3 |   6.3 |   N/A |   3.3 | 2887.0
      Gauntlet |   1.9 |   1.1 |   4.2 |   N/A |   3.4 | 3062.0
               +-------+-------+-------+-------+-------+----------------------

Table legend: (Time is in decaauts)
 A = Elapsed time spent in this place.
 B = Non-inter-level travel time spent in this place.
 C = Inter-level travel time spent in this place.
 D = Time resting spent in this place.
 E = Time spent auto-exploring this place.
 F = Levels seen in this place.
 G = Mean time per level.
                   A        B        C        D        E       F      G
               +--------+--------+--------+--------+--------+-----+--------+
         Total |  26481 |  24838 |   1643 |   1880 |  18924 |  21 | 1261.0 |
       Dungeon |  19229 |  18134 |   1095 |   1422 |  14098 |  13 | 1479.2 |
          Lair |   6609 |   6062 |    547 |    256 |   4666 |   5 | 1321.8 |
  Orcish Mines |     48 |     48 |      0 |      0 |      0 |   1 |   48.0 |
         Trove |     60 |     60 |      0 |      0 |      0 |   1 |   60.0 |
      Gauntlet |    534 |    534 |      0 |    202 |    159 |   1 |  534.0 |
               +--------+--------+--------+--------+--------+-----+--------+

Top non-repeatable levels by time:
    D:11: 2479 daAuts
     D:5: 2295 daAuts
     D:7: 2035 daAuts
    D:10: 2026 daAuts
    D:12: 1929 daAuts
  Lair:4: 1875 daAuts
  Lair:5: 1434 daAuts
     D:2: 1432 daAuts
  Lair:1: 1324 daAuts
     D:3: 1307 daAuts
     D:9: 1292 daAuts
     D:6: 1233 daAuts
     D:8: 1040 daAuts
     D:1: 1038 daAuts
     D:4: 1028 daAuts
